Map: Orbital Shipyard

Players

llllllllllll

  • Race: Zerg Zerg
  • League: Grandmaster

IlIlIlIlIlIl (Naniwa) - Winner!

  • Race: Protoss Protoss
  • League: Grandmaster

VOD

Have the link to the VOD?

Description

Time

  • Played on: Feb. 27, 2016, 4:16 p.m.
  • Length: 8:21
Show
View Real Time Build Order
Export as new Build Order

llllllllllll Zerg 

Build Orders: Hatch First 

Get SALT Encoding   

  12  0:01  Drone  
  13  0:13  Overlord  
  13  0:19  Drone  
  14  0:31  Drone x2  
  14  0:35  Drone  
  17  0:53  Hatchery  
  17  0:56  Drone  
  17  1:06  Extractor  
  17  1:10  Drone  
  17  1:15  Spawning Pool  
  17  1:16  Drone  
  17  1:24  Overlord  
  17  1:31  Drone  
  18  1:49  Hatchery  
  17  2:04  Zergling x2  
  17  2:05  Queen  
  20  2:16  Queen  
  20  2:19  Metabolic Boost  
  22  2:26  Drone  
  22  2:27  Drone  
  24  2:30  Drone  
  25  2:37  Drone x2  
  25  2:39  Drone  
  25  2:41  Drone  
  29  2:44  Drone  
  29  2:49  Drone  
  31  2:59  Drone x2  
  31  3:01  Queen  
  31  3:02  Drone  
  31  3:04  Drone  
  36  3:13  Zergling x4  
  36  3:17  Zergling x6  
  41  3:21  Overlord  
  41  3:27  Overlord  
  41  3:38  Drone  
  41  3:40  Overlord  
  42  3:45  Drone x6  
  42  3:47  Overlord, Drone  
  49  3:49  Drone x2  
  49  3:55  Overlord x2, Extractor  
  50  4:08  Drone x5  
  54  4:14  Extractor  
  54  4:16  Roach Warren, Zergling x8  
  54  4:17  Drone  
  54  4:20  Drone x3  
  54  4:21  Drone  
  59  4:25  Drone  
  59  4:28  Spore Crawler x2  
  59  4:30  Spore Crawler  
  57  4:33  Drone  
  57  4:37  Lair  
  58  4:43  Drone  
  58  4:44  Drone x4  
  63  4:47  Overlord  
  63  4:57  Roach x5  
  73  5:01  Roach x2  
  77  5:13  Zergling x12  
  83  5:18  Drone x4  
  83  5:19  Drone x2  
  88  5:23  Drone x2  
  88  5:25  Overlord  
  90  5:28  Extractor  
  90  5:29  Extractor, Drone x2  
  90  5:33  Overlord  
  90  5:37  Spire  
  90  5:40  Evolution Chamber  
  88  5:43  Overlord  
  88  5:45  Overseer  
  88  5:47  Overseer  
  88  5:50  Drone  
  88  5:51  Drone x2  
  90  5:58  Extractor  
  90  6:02  Drone x11  
  96  6:06  Overlord  
  96  6:07  Queen  
  96  6:11  Glial Reconstitution  
  98  6:13  Zerg Missile Weapons Level 1  
  98  6:16  Queen  
  100  6:23  Drone x2  
  102  6:31  Drone x2  
  102  6:32  Overlord x2  
  104  6:33  Hatchery  
  104  6:36  Roach x3  
  104  6:38  Roach  
  111  6:40  Ravager x4  
  111  6:42  Zergling x2  
  111  6:43  Zergling x2  
  111  6:45  Roach  
  111  6:46  Roach  
  119  6:49  Roach  
  119  6:51  Roach  
  119  6:52  Roach  
  125  6:56  Ravager x3  
  125  7:00  Roach x2  
  125  7:01  Roach  
  131  7:03  Roach  
  132  7:11  Roach x3  
  129  7:19  Roach x2  
  129  7:21  Overseer  
  127  7:25  Roach  
  127  7:26  Zergling x2  
  130  7:30  Extractor  
  130  7:31  Zergling x2  
  130  7:34  Overlord x2  
  130  7:35  Overlord x2  
  128  7:39  Ravager  
  128  7:41  Roach  
  128  7:53  Roach x4  
  128  7:58  Roach x6, Zergling x2  
  145  7:59  Zergling x2  
Show
View Real Time Build Order
Export as new Build Order

IlIlIlIlIlIl Protoss - Winner!

Build Orders: Nexus First, Zealot Archon, Dark Templar Rush 

Get SALT Encoding   

  12  0:01  Probe (Chrono Boost)  
  13  0:11  Probe (Chrono Boost)  
  14  0:19  Pylon  
  14  0:22  Probe (Chrono Boost)  
  15  0:37  Probe (Chrono Boost)  
  16  0:48  Probe (Chrono Boost)  
  17  0:57  Nexus  
  17  1:07  Gateway  
  17  1:10  Probe (Chrono Boost)  
  18  1:15  Assimilator  
  18  1:20  Probe (Chrono Boost)  
  18  1:25  Assimilator  
  19  1:31  Probe (Chrono Boost)  
  20  1:37  Gateway  
  20  1:42  Probe (Chrono Boost)  
  21  1:52  Probe (Chrono Boost)  
  22  1:55  Cybernetics Core  
  22  2:03  Probe (Chrono Boost)  
  23  2:10  Probe (Chrono Boost)  
  23  2:13  Probe (Chrono Boost)  
  25  2:21  Probe (Chrono Boost)  
  26  2:24  Probe (Chrono Boost)  
  27  2:31  Probe (Chrono Boost), Warp Gate (Chrono Boost)  
  27  2:32  Stalker (Chrono Boost), Adept (Chrono Boost)  
  27  2:34  Probe  
  33  2:43  Probe  
  34  2:46  Probe  
  34  2:47  Twilight Council  
  35  2:56  Robotics Facility  
  35  3:02  Pylon  
  35  3:03  Probe (Chrono Boost)  
  35  3:05  Probe (Chrono Boost)  
  37  3:16  Probe (Chrono Boost)  
  38  3:21  Probe (Chrono Boost)  
  38  3:22  Pylon  
  38  3:25  Dark Shrine  
  40  3:27  Probe (Chrono Boost)  
  40  3:31  Probe (Chrono Boost)  
  41  3:37  Probe (Chrono Boost)  
  42  3:41  Probe (Chrono Boost)  
  42  3:44  Warp Prism (Chrono Boost), Assimilator  
  47  3:48  Mothership Core  
  47  3:49  Assimilator  
  47  3:51  Probe  
  48  4:03  Probe  
  48  4:07  Pylon x2  
  48  4:09  Probe  
  48  4:15  Probe, Pylon  
  49  4:20  Pylon  
  49  4:21  Probe (Chrono Boost)  
  49  4:23  Pylon  
  50  4:26  Observer  
  50  4:28  Probe (Chrono Boost)  
  52  4:32  Adept  
  52  4:33  Probe (Chrono Boost), Adept  
  57  4:39  Probe  
  57  4:45  Probe  
  59  4:51  Pylon, Nexus  
  59  4:52  Dark Templar x2  
  63  4:56  Forge  
  63  4:58  Blink (Chrono Boost)  
  63  5:02  Probe x2  
  65  5:07  Gateway  
  65  5:08  Gateway  
  65  5:19  Gateway  
  65  5:20  Gateway  
  65  5:23  Gateway  
  65  5:25  Gateway  
  66  5:28  Probe x2  
  66  5:32  Dark Templar  
  66  5:33  Archon  
  69  5:35  Dark Templar  
  69  5:39  Archon  
  69  5:40  Probe x2  
  73  5:44  Pylon  
  73  5:51  Pylon  
  73  5:52  Probe  
  73  5:53  Probe  
  75  6:05  Probe  
  75  6:06  Probe x2  
  75  6:08  Pylon  
  78  6:18  Probe  
  79  6:23  Stalker x5  
  79  6:24  Stalker  
  91  6:26  Stalker x2  
  91  6:30  Pylon  
  95  6:52  Stalker x8  
  111  6:56  Probe  
  111  6:57  Probe x2, Pylon  
  106  7:21  Stalker x2  
  106  7:22  Stalker x6  
  118  7:25  Assimilator  
  118  7:27  Assimilator  
  118  7:29  Forge  
  118  7:30  Probe  
  118  7:31  Probe x2  
  121  7:40  Probe  
  121  7:43  Probe  
  120  8:00  Stalker x3  
  120  8:01  Stalker x4  
  120  8:04  Stalker  
Tags
 
Add a new tag
Caveats
  • Supply blocks, unpowered buildings, or Contaminate may cause inaccurate times.
  • Supply counts are checked every 10 seconds.